 Dungeon Crawl Stone Soup version 0.18.1-50-g88ac8fd (webtiles) character file.

142233 magog001 the Hoplite (level 16, -2/144 HPs)
             Began as a Minotaur Fighter on June 4, 2017.
             Was the Champion of Nemelex Xobeh.
             Killed from afar by a deep elf death mage (23 damage)
             ... with a bolt of negative energy
             ... on level 3 of the Elven Halls on June 6, 2017.
             The game lasted 04:14:23 (32389 turns).

magog001 the Hoplite (Minotaur Fighter)            Turns: 32389, Time: 04:14:24

Health: -2/144     AC: 32    Str: 29 (30) XL:     16   Next: 80%
Magic:  0/15       EV: 14    Int:  5      God:    Nemelex Xobeh [******]
Gold:   1604       SH: 21    Dex: 16      Spells: 0 memorised, 15 levels left

rFire  . . .     SeeInvis .     u - +9 mace (protect)
rCold  . . .     Gourm    .     J - +2 plate armour
rNeg   . . .     Faith    .     v - +4 shield {reflect}
rPois  +         Spirit   +     (helmet restricted)
rElec  .         Dismiss  .     h - +1 cloak
rCorr  .         Reflect  +     s - +1 pair of gloves {Str+3}
SustAt .         Harm     .     E - +0 pair of boots
MR     +....                    x - amulet of guardian spirit
Stlth  ..........               G - ring of poison resistance
                                q - +5 ring of dexterity

@: cleaving, drained, somewhat resistant to hostile enchantments, extremely
unstealthy
A: retaliatory headbutt, horns 2, thin metallic scales 1, deterioration 1, low
mp 1
a: Triple Draw, Deal Four, Stack Five, Renounce Religion


You were on level 3 of the Elven Halls.
You worshipped Nemelex Xobeh.
Nemelex Xobeh was exalted by your worship.
You were hungry.

You visited 7 branches of the dungeon, and saw 31 of its levels.
You also visited: Labyrinth and Volcano.

You collected 2948 gold pieces.
You spent 1344 gold pieces at shops.

Inventory:

Hand Weapons
 u - a +9 mace of protection (weapon)
Missiles
 o - 27 tomahawks (quivered)
Armour
 h - a +1 cloak (worn)
 s - a +1 pair of gloves of strength (worn)
 v - a +4 shield of reflection (worn)
 E - a +0 pair of boots (worn)
 J - a +2 plate armour (worn)
Jewellery
 q - a +5 ring of dexterity (left hand)
 x - an amulet of guardian spirit (around neck)
 G - a ring of poison resistance (right hand)
Wands
 k - a wand of iceblast (15/15)
 m - a wand of digging (7/24)
 t - a wand of flame (20/48)
 U - a wand of teleportation (3/9)
 X - a wand of enslavement (10/24)
 Z - a wand of acid (5/15)
Scrolls
 a - 2 scrolls of fear
 c - a scroll of magic mapping
 e - 2 scrolls of teleportation
 l - a scroll of summoning
 n - a scroll of blinking
 L - 9 scrolls of identify
 O - 4 scrolls of remove curse
 Y - a scroll of holy word
Potions
 d - 2 potions of might
 r - 4 potions of berserk rage
 y - a potion of curing
 C - 2 potions of flight
 M - a potion of magic
 N - 3 potions of agility
 P - a potion of cancellation
 Q - 4 potions of heal wounds
Miscellaneous
 b - an ornate deck of destruction
 g - a plain deck of summoning {drawn: 7}
 i - a legendary deck of war {drawn: 9}
 j - an ornate deck of destruction {drawn: 5}
 p - an ornate deck of escape
 z - a phial of floods
 A - an ornate deck of war {drawn: 3}
 B - a legendary deck of destruction {drawn: 2}
 D - a legendary deck of destruction {drawn: 2}
 F - an ornate deck of destruction
 H - an ornate deck of destruction
 S - an ornate deck of destruction
 V - an ornate deck of escape {drawn: 2}
 W - an ornate deck of war
Comestibles
 f - 17 bread rations
 w - 29 fruits
 I - 11 royal jellies
 K - 7 beef jerkies
 R - 2 meat rations
 T - 10 slices of pizza


   Skills:
 * Level 13.3(12.5) Fighting
   Level 6.1(10.7) Axes
 * Level 14.7(14.3) Maces & Flails
 + Level 1.5(0.9) Throwing
 * Level 15.4(14.6) Armour
 - Level 10.5(9.8) Dodging
 + Level 2.2(1.6) Stealth
 * Level 21.1(20.2) Shields
 + Level 0.4(0.0) Unarmed Combat
 + Level 3.7(3.1) Evocations


You had 15 spell levels left.
You didn't know any spells.

Dungeon Overview and Level Annotations

Branches:
Dungeon (13/15)            Temple (0/1) D:6            Lair (8/8) D:8
  Swamp (3/4) Lair:6        Snake (1/4) Lair:3        Slime (1/6) Lair:7
    Orc (2/2) D:12            Elf (3/3) Orc:2
 Vaults: D:13-14

Altars:
Dithmenos
Elyvilon
Gozag
Makhleb
Nemelex Xobeh
Okawaru
Ru
Vehumet
Zin
The Shining One
Beogh

Shops:
D:4 ?   D:11 (   Orc:2 ??((   Elf:2 !


Innate Abilities, Weirdness & Mutations

You reflexively headbutt those who attack you in melee.
You have a pair of horns on your head.
You are partially covered in thin metallic scales (AC +2).
Your body sometimes deteriorates upon taking damage.
Your magical capacity is low (-10% MP).


Message History

Your quarterstaff of venom hits the air elemental.
Your soldier ant disappears!
The halberd of venom hits you from afar!!
* * * LOW HITPOINT WARNING * * *
You are poisoned.
Lightning arcs down from a storm cloud! x2
Drink which item? (? for menu, Esc to quit)
You feel better.
You hear a shout!
The air elemental barely misses your quarterstaff of venom.
The air elemental hits your quarterstaff of venom but does no damage.
The deep elf annihilator gestures wildly while chanting.
The deep elf annihilator blinks!
The deep elf death mage casts a spell at you.
The bolt of negative energy misses the halberd of venom.
The bolt of negative energy hits the air elemental.
The air elemental completely resists.
The bolt of negative energy hits you!
You feel drained.
You die...
Your body glows with a rainbow of weird colours and disappears.

##....#.##.......####..
##.###............# ##.#
#.#...#........... #.#.
#.#...#.#.#.......###.#.
#.#.[.#.#.#...........#.
##.###§##..#......##...#
##.§§.##.# .. #.##.
##eEe§e# #. ## ####
###(@## .#. #. ##...#
#E## ... #.
##.###.########(.##
.#.##.
#.#.!.#E.E..eEe##.## .
......
#.#.....e##§§eE.##.## ..
...... #
#...#)e§§§)§§§.#..#...
......
e.§###e##§....§...##.#
.##...
#.ee.#§..........###
##..
..e###.).......[...# ##.


You could see a deep elf annihilator, a deep elf death mage, a fire elemental,
an air elemental, a halberd of venom, a friendly deep elf knight, 2 friendly
deep elf magi, a friendly fire elemental and a friendly quarterstaff of venom.

Vanquished Creatures
  Nikola (Swamp:1)
  A doom hound (Swamp:3)
  Rupert (Lair:3)
  Kirke (Lair:5)
  Maud (Orc:1)
  An orc warlord (Orc:2)
  A stone giant (Orc:1)
  A deep elf demonologist (Elf:3)
  A deep elf annihilator (Elf:3)
  A spark wasp (Lair:2)
  A deep elf death mage (Elf:1)
  A minotaur (Lab)
  7 hydras
  The ghost of Soeti the Cleaver, a journeyman FoFi of Okawaru (D:10)
  Harold (D:12)
  A centaur warrior (Orc:2)
  An alligator (Swamp:1)
  7 dancing weapons
  3 death yaks (Lair:5)
  An orc high priest (Orc:2)
  5 deep elf knights
  Nergalle (D:11)
  A shambling mangrove (Swamp:2)
  2 hill giants
  4 deep elf archers
  6 swamp dragons (Swamp:1)
  3 orc knights (Orc:2)
  2 mana vipers
  26 deep elf magi
  4 orc sorcerers
  4 hornets
  A faun (shapeshifter) (Elf:1)
  3 ugly things
  A wolf spider (Lair:8)
  The ghost of magog001 the Ducker, a novice HaAs (D:5)
  7 elephants
  12 black mambas
  A naga mage (Snake:1)
  A guardian serpent (Lair:8)
  Psyche (D:9)
  27 spiny frogs
  2 gargoyles
  A kobold demonologist (D:9)
  13 komodo dragons
  3 rime drakes
  4 trolls
  4 giant leeches
  9 polar bears
  3 two-headed ogres
  25 blink frogs
  2 boulder beetles
  5 raiju (Lair:8)
  Prince Ribbit (D:6)
  5 bog bodies
  15 slime creatures
  2 water elementals (Elf:2)
  An air elemental (Elf:1)
  A redback (Lair:8)
  A shadow (D:11)
  3 spriggans (Swamp:1)
  4 wraiths (Lair:7)
  10 wyverns
  47 yaks
  A human (shapeshifter) (D:12)
  2 basilisks (Lair:6)
  A fire bat (Volcano)
  14 hippogriffs
  3 fire elementals
  A human (D:7)
  3 vampire mosquitoes (Swamp:1)
  5 hogs
  4 hungry ghosts
  A mottled dragon (D:12)
  7 swamp worms
  8 wargs
  4 insubstantial wisps (Swamp:1)
  A naga (Lair:3)
  2 soldier ants (D:12)
  23 water moccasins
  7 hell hounds
  6 porcupines
  Duvessa (D:6)
  A swamp drake (Swamp:1)
  2 ice beasts
  9 wasps
  A sky beast (D:8)
  13 black bears
  35 orc warriors
  3 phantoms
  An eye of draining (D:9)
  20 ogres
  20 wolves
  7 centaurs
  15 crocodiles
  3 big kobolds
  Blork the orc (D:5)
  2 earth elementals (Elf:1)
  19 giant frogs
  Dowan (D:6)
  4 scorpions
  10 killer bees
  22 wights
  4 howler monkeys
  2 electric eels (Lair:8)
  9 crimson imps
  2 quasits
  A giant frog zombie (D:12)
  21 hounds
  24 orc wizards
  Crazy Yiuf (D:2)
  2 giant frog skeletons
  15 orc priests
  A jelly (D:10)
  3 centaur skeletons
  Jessica (D:2)
  Natasha (thrice) (D:3)
  Terence (D:2)
  11 iguanas
  17 worker ants
  A killer bee zombie (D:11)
  6 sheep
  A worker ant zombie (D:5)
  16 adders
  A howler monkey skeleton (D:6)
  62 river rats
  2 shadow imps
  3 oozes
  2 adder skeletons
  A worm (D:4)
  4 dart slugs
  5 giant geckos
  90 orcs
  4 giant cockroaches
  5 goblins
  3 hobgoblins
  8 jackals
  9 kobolds
  5 quokkas
  8 bats
  A giant gecko skeleton (D:8)
  6 giant newts
  A quokka skeleton (D:3)
  6 rats
  A butterfly (Lair:4)
  A crawling corpse (Elf:3)
  3 fungi
  2 plants
966 creatures vanquished.

Vanquished Creatures (collateral kills)
  A thorn hunter (Swamp:1)
  A deep elf elementalist (Elf:3)
  The ghost of magog001 the Blocker, a journeyman MiFi of Nemelex Xobeh (Lair:4)
  Josephine (Lair:7)
  A hydra (Lair:5)
  2 ghost crabs
  2 alligators (Swamp:2)
  A spriggan druid (Swamp:2)
  2 elephants
  A spiny frog (Swamp:2)
  A blink frog (Swamp:2)
  A wraith (Lair:7)
  2 hogs (Lair:5)
  4 yaks (Lair:8)
  3 orc warriors (Orc:2)
  4 jellies (Lair:7)
  An ooze (Lair:7)
  2 orcs (Orc:2)
31 creatures vanquished.

Vanquished Creatures (others)
  A deep elf master archer (Elf:3)
  A deep elf sorcerer (Elf:3)
  A deep elf knight (Elf:2)
  An unseen horror (D:12)
  3 deep elf archers
  An orc knight (Orc:2)
  A hornet (Swamp:1)
  A guardian serpent (Lair:5)
  A bog body (Swamp:1)
  A spriggan (Swamp:1)
  A human (Lair:5)
  2 orc warriors (Orc:2)
  A black bear (Lair:8)
  6 centaurs (Orc:2)
  A ball lightning (Swamp:1)
  3 orcs (Orc:2)
  2 bushes (Lair:8)
  48 fungi
  64 plants
140 creatures vanquished.

Grand Total: 1137 creatures vanquished

Notes
Turn   | Place    | Note
--------------------------------------------------------------
     0 | D:1      | magog001 the Minotaur Fighter began the quest for the Orb.
     0 | D:1      | Reached XP level 1. HP: 19/19 MP: 0/0
   129 | D:1      | Reached XP level 2. HP: 25/27 MP: 1/1
   315 | D:1      | Reached skill level 4 in Shields
   527 | D:2      | Reached XP level 3. HP: 28/33 MP: 2/2
   733 | D:2      | Found a glowing golden altar of the Shining One.
   804 | D:2      | Noticed Crazy Yiuf
   812 | D:2      | Killed Crazy Yiuf
   812 | D:2      | Reached skill level 1 in Dodging
  1140 | D:2      | Reached XP level 4. HP: 40/40 MP: 3/3
  1357 | D:2      | Found an opulent altar of Gozag.
  1357 | D:2      | Found a sparkling altar of Nemelex Xobeh.
  1357 | D:2      | Noticed Terence
  1360 | D:2      | Killed Terence
  1370 | D:2      | Became a worshipper of Nemelex Xobeh the Trickster
  1374 | D:2      | Noticed Jessica
  1377 | D:2      | Killed Jessica
  1378 | D:2      | Received a gift from Nemelex Xobeh
  1583 | D:3      | Reached skill level 5 in Shields
  1609 | D:3      | Noticed Natasha
  1615 | D:3      | Killed Natasha
  1615 | D:3      | Reached XP level 5. HP: 39/46 MP: 4/4
  1973 | D:3      | Noticed Natasha
  1978 | D:3      | Killed Natasha
  2031 | D:3      | Noticed Natasha
  2037 | D:3      | Killed Natasha
  2037 | D:3      | Reached skill level 5 in Armour
  2059 | D:3      | Found a glowing silver altar of Zin.
  2059 | D:3      | Found a white marble altar of Elyvilon.
  2059 | D:3      | Found a glowing golden altar of the Shining One.
  2130 | D:3      | Reached XP level 6. HP: 53/53 MP: 5/5
  2438 | D:3      | Reached * piety under Nemelex Xobeh
  2627 | D:4      | Found an iron altar of Okawaru.
  2978 | D:4      | Reached skill level 5 in Fighting
  3009 | D:4      | Found Ammefroiq's Magic Scroll Emporium.
  3021 | D:4      | Bought a scroll of remove curse for 42 gold pieces
  3077 | D:4      | Reached XP level 7. HP: 35/61 MP: 6/6
  3384 | D:3      | Reached skill level 1 in Stealth
  3817 | D:4      | Bought a scroll of identify for 28 gold pieces
  3817 | D:4      | Bought a scroll of magic mapping for 49 gold pieces
  3817 | D:4      | Bought a scroll of identify for 28 gold pieces
  3817 | D:4      | Bought a scroll of identify for 28 gold pieces
  3996 | D:5      | Entered Level 5 of the Dungeon
  4152 | D:5      | Noticed magog001's ghost (novice HaAs)
  4198 | D:5      | Killed magog001's ghost
  4198 | D:5      | Reached skill level 5 in Axes
  4198 | D:5      | Reached XP level 8. HP: 64/70 MP: 7/7
  4361 | D:5      | Found a burning altar of Makhleb.
  4361 | D:5      | Found a radiant altar of Vehumet.
  4578 | D:5      | Reached skill level 6 in Shields
  4858 | D:5      | Noticed Blork the orc
  4870 | D:5      | Killed Blork the orc
  4870 | D:5      | Reached skill level 1 in Maces & Flails
  4870 | D:5      | Reached skill level 5 in Dodging
  4944 | D:5      | Received a gift from Nemelex Xobeh
  5226 | D:5      | Reached skill level 7 in Shields
  5673 | D:6      | Reached ** piety under Nemelex Xobeh
  5698 | D:6      | Noticed Dowan
  5700 | D:6      | Noticed Duvessa
  5717 | D:6      | Reached XP level 9. HP: 78/78 MP: 8/8
  5724 | D:6      | Killed Duvessa
  5734 | D:6      | Killed Dowan
  5799 | D:6      | Noticed Prince Ribbit
  5809 | D:6      | Killed Prince Ribbit
  5809 | D:6      | Reached skill level 8 in Shields
  5840 | D:6      | Found an iron altar of Okawaru.
  5896 | D:6      | Found a staircase to the Ecumenical Temple.
  6220 | D:7      | Found a sacrificial altar of Ru.
  6317 | D:7      | Received a gift from Nemelex Xobeh
  6405 | D:7      | Reached skill level 9 in Shields
  6576 | D:7      | Reached *** piety under Nemelex Xobeh
  6856 | D:7      | Reached skill level 10 in Shields
  6856 | D:7      | Reached XP level 10. HP: 78/86 MP: 9/9
  7166 | D:8      | Received a gift from Nemelex Xobeh
  7177 | D:8      | Found a staircase to the Lair.
  7690 | Lair:1   | Entered Level 1 of the Lair of Beasts
  7803 | Lair:1   | Reached skill level 11 in Shields
  7984 | Lair:1   | Received a gift from Nemelex Xobeh
  8016 | Lair:1   | Reached **** piety under Nemelex Xobeh
  8167 | Lair:1   | Found a shadowy altar of Dithmenos.
  8242 | Lair:1   | Reached skill level 5 in Maces & Flails
  8244 | Lair:1   | Reached skill level 10 in Armour
  8335 | Lair:1   | Noticed a spiny frog
  8352 | Lair:1   | Killed a spiny frog
  8356 | Lair:1   | Reached skill level 12 in Shields
  8547 | Lair:1   | Received a gift from Nemelex Xobeh
  8707 | Lair:2   | Reached XP level 11. HP: 92/92 MP: 10/10
  8970 | Lair:2   | Noticed a four-headed hydra
  8980 | Lair:2   | Killed a four-headed hydra
  9040 | Lair:2   | Reached ***** piety under Nemelex Xobeh
  9103 | Lair:2   | Received a gift from Nemelex Xobeh
  9135 | Lair:2   | Noticed an eight-headed hydra
  9142 | Lair:2   | Noticed a spark wasp
  9142 | Lair:2   | an eight-headed hydra changed into a spark wasp
  9149 | Lair:2   | Killed a spark wasp
  9460 | Lair:2   | Reached skill level 13 in Shields
  9622 | Lair:3   | Noticed Rupert
  9648 | Lair:3   | Killed Rupert
  9648 | Lair:3   | Reached skill level 1 in Evocations
 10142 | Lair:3   | Received a gift from Nemelex Xobeh
 10215 | Lair:3   | Reached XP level 12. HP: 74/103 MP: 12/12
 10594 | Lair:3   | Found a staircase to the Snake Pit.
 10820 | Lair:3   | Gained mutation: You are partially covered in thin metallic scales (AC +2). [potion of mutation]
 10820 | Lair:3   | Gained mutation: You are weak. (Str -2) [potion of mutation]
 10820 | Lair:3   | Gained mutation: Your magical capacity is low (-10% MP). [potion of mutation]
 10821 | Lair:3   | Gained mutation: You regenerate slowly when monsters are visible. [potion of mutation]
 10821 | Lair:3   | Gained mutation: You have supernaturally acute eyesight. [potion of mutation]
 10822 | Lair:3   | Gained mutation: You have a pair of large horns on your head. [potion of mutation]
 10822 | Lair:3   | Gained mutation: Your system is resistant to poisons. [potion of mutation]
 10989 | Snake:1  | Entered Level 1 of the Snake Pit
 11116 | Snake:1  | Reached skill level 14 in Shields
 11806 | Lair:4   | Noticed magog001's ghost (journeyman MiFi)
 11866 | Lair:4   | Killed magog001's ghost
 12028 | Lair:4   | Received a gift from Nemelex Xobeh
 12757 | Lair:5   | Reached skill level 15 in Shields
 12859 | Lair:5   | Received a gift from Nemelex Xobeh
 13088 | Lair:5   | Noticed Kirke
 13133 | Lair:5   | Killed Kirke
 13133 | Lair:5   | Reached XP level 13. HP: 22/111 MP: 12/12
 13371 | Lair:5   | Reached skill level 10 in Dodging
 14029 | Lair:5   | Received a gift from Nemelex Xobeh
 14504 | Lair:6   | Received a gift from Nemelex Xobeh
 14674 | Lair:6   | Found a staircase to the Swamp.
 14767 | Lair:6   | Lost mutation: You have a pair of large horns on your head. [potion of cure mutation]
 14767 | Lair:6   | Lost mutation: Your system is resistant to poisons. [potion of cure mutation]
 14767 | Lair:6   | Lost mutation: You have supernaturally acute eyesight. [potion of cure mutation]
 14767 | Lair:6   | Lost mutation: You are weak. (Str -2) [potion of cure mutation]
 14767 | Lair:6   | Lost mutation: You regenerate slowly when monsters are visible. [potion of cure mutation]
 14978 | Lair:6   | Reached skill level 16 in Shields
 15046 | Lair:6   | Received a gift from Nemelex Xobeh
 15479 | Lair:7   | Received a gift from Nemelex Xobeh
 15684 | Lair:7   | Received a gift from Nemelex Xobeh
 15809 | Lair:7   | Noticed Josephine
 15842 | Lair:7   | Killed Josephine
 15842 | Lair:7   | Reached skill level 1 in Throwing
 15980 | Lair:7   | Found a staircase to the Slime Pits.
 16191 | Lair:8   | Entered Level 8 of the Lair of Beasts
 16542 | Lair:8   | Reached skill level 10 in Fighting
 16585 | Lair:8   | Reached skill level 10 in Maces & Flails
 17122 | Lair:8   | Reached XP level 14. HP: 104/121 MP: 10/13
 17293 | Lair:8   | Reached skill level 17 in Shields
 17756 | Lair:8   | Received a gift from Nemelex Xobeh
 19410 | Slime:1  | Entered Level 1 of the Pits of Slime
 19410 | Slime:1  | Received a gift from Nemelex Xobeh
 19410 | Slime:1  | Noticed an acid blob
 19410 | Slime:1  | Noticed an azure jelly
 19413 | Slime:1  | Noticed an acid blob
 19788 | Swamp:1  | Entered Level 1 of the Swamp
 20154 | Swamp:1  | Noticed Nikola
 20269 | Swamp:1  | Killed Nikola
 20269 | Swamp:1  | Reached skill level 18 in Shields
 20739 | Swamp:1  | Noticed a thorn hunter
 20752 | Swamp:1  | Killed a thorn hunter
 21526 | Swamp:1  | Reached XP level 15. HP: 76/130 MP: 10/14
 23017 | Swamp:2  | Received a gift from Nemelex Xobeh
 23081 | Swamp:3  | Reached ****** piety under Nemelex Xobeh
 23127 | Swamp:3  | Noticed Mara
 23138 | Swamp:3  | Noticed magog001's illusion
 23149 | Swamp:3  | Noticed Mara
 23149 | Swamp:3  | Mara changed into Mara the doom hound
 23167 | Swamp:3  | Killed Mara the doom hound
 23173 | Swamp:3  | Noticed a shadow dragon
 23180 | Swamp:3  | Noticed a shadow dragon
 23796 | Lair:3   | Reached skill level 19 in Shields
 23987 | D:9      | Received a gift from Nemelex Xobeh
 24049 | D:9      | Found a roughly hewn altar of Beogh.
 24489 | D:9      | Noticed Psyche
 24492 | D:9      | Paralysed by Psyche for 3 turns
 24498 | D:9      | Killed Psyche
 24646 | D:9      | Found a shadowy altar of Dithmenos.
 24774 | D:9      | Received a gift from Nemelex Xobeh
 24857 | D:10     | Entered Level 10 of the Dungeon
 24895 | D:10     | Noticed Soeti's ghost (journeyman FoFi)
 24929 | D:10     | Killed Soeti's ghost
 25282 | D:10     | Got a dazzling spear
 25283 | D:10     | Identified the +1 spear "Minotaur's Foe" {venom, rElec MR+ Str+4 Dex-4} (You found it on level 10 of the Dungeon)
 25301 | D:10     | You fall through a shaft for 3 floors!
 25433 | D:12     | Found a labyrinth entrance.
 25444 | Lab      | Entered a labyrinth
 25625 | Lab      | Received a gift from Nemelex Xobeh
 26113 | Lab      | Identified the Collected Works on the Compass and Ice (You found it in a labyrinth)
 26114 | Lab      | Got an ancient leather armour
 26123 | Lab      | Identified the +1 leather armour of Valour {*Contam MR+++ Dex+4} (You found it in a labyrinth)
 26168 | Lab      | Gained mutation: Your body sometimes deteriorates upon taking damage. [mutagenic glow]
 26798 | D:11     | Noticed Nergalle
 26811 | D:11     | Killed Nergalle
 27003 | D:11     | Received a gift from Nemelex Xobeh
 27156 | D:11     | Found Eluageg's Antique Weapon Shoppe.
 27261 | D:12     | Got a faintly glowing trident
 27262 | D:12     | Identified the +11 trident of Inference {antimagic, +Fly rElec Dex+2 SInv} (You found it on level 12 of the Dungeon)
 27575 | D:12     | Found a staircase to the Orcish Mines.
 27606 | D:12     | Found a roughly hewn altar of Beogh.
 27640 | D:12     | Received a gift from Nemelex Xobeh
 28037 | D:12     | Noticed Harold
 28061 | D:12     | Killed Harold
 28142 | Orc:1    | Entered Level 1 of the Orcish Mines
 28199 | Orc:1    | Found a roughly hewn altar of Beogh.
 28257 | Orc:1    | Noticed Maud
 28266 | Orc:1    | Killed Maud
 28455 | Orc:1    | Received a gift from Nemelex Xobeh
 28596 | Orc:2    | Entered Level 2 of the Orcish Mines
 28744 | Orc:2    | Found a dark tunnel.
 28747 | Orc:2    | Received a gift from Nemelex Xobeh
 28755 | Volcano  | Entered a volcano
 28917 | Volcano  | Reached skill level 20 in Shields
 29065 | Orc:2    | Reached XP level 16. HP: 141/141 MP: 15/15
 29392 | Orc:2    | Found Tosiceur's Magic Scroll Emporium.
 29392 | Orc:2    | Found Fenesch's Antique Weapon Shop.
 29394 | Orc:2    | Found Uzienack's Antique Weapon Boutique.
 29396 | Orc:2    | Found Uboggepn's Magic Scroll Shoppe.
 29400 | Orc:2    | Bought a scroll of blinking for 97 gold pieces
 29400 | Orc:2    | Bought a scroll of identify for 26 gold pieces
 29400 | Orc:2    | Bought a scroll of summoning for 123 gold pieces
 29400 | Orc:2    | Bought a scroll of identify for 26 gold pieces
 29400 | Orc:2    | Bought a scroll of teleportation for 39 gold pieces
 29411 | Orc:2    | Bought a scroll of holy word for 105 gold pieces
 29411 | Orc:2    | Bought a scroll of enchant armour for 105 gold pieces
 29411 | Orc:2    | Bought a scroll of identify for 28 gold pieces
 29411 | Orc:2    | Bought a scroll of identify for 28 gold pieces
 29411 | Orc:2    | Bought a scroll of recharging for 133 gold pieces
 29411 | Orc:2    | Bought a scroll of summoning for 133 gold pieces
 29411 | Orc:2    | Bought a scroll of identify for 28 gold pieces
 29411 | Orc:2    | Bought a scroll of identify for 28 gold pieces
 29555 | Orc:2    | Found a roughly hewn altar of Beogh.
 29648 | Orc:2    | Found a staircase to the Elven Halls.
 29791 | Orc:1    | Received a gift from Nemelex Xobeh
 29975 | Orc:1    | You fall through a shaft!
 30027 | Elf:1    | Entered Level 1 of the Elven Halls
 30056 | Elf:1    | Reached skill level 15 in Armour
 30886 | Elf:1    | Received a gift from Nemelex Xobeh
 31813 | Elf:2    | Found Latigh's Distillery.
 31816 | Elf:2    | Bought a potion of heal wounds for 90 gold pieces
 31816 | Elf:2    | Bought a potion of heal wounds for 90 gold pieces
 31816 | Elf:2    | Bought a potion of heal wounds for 90 gold pieces
 31913 | Elf:2    | Reached skill level 21 in Shields
 32147 | Elf:3    | Entered Level 3 of the Elven Halls
 32347 | Elf:3    | Noticed a deep elf master archer
 32359 | Elf:3    | Killed a deep elf master archer
 32389 | Elf:3    | Killed from afar by a deep elf death mage

Skill      XL: |  1  2  3  4  5  6  7  8  9 10 11 12 13 14 15 16 |
---------------+-------------------------------------------------+-----
Shields        | 4 5 7 10 12 13 15 16 18 20 21 | 21.1
Fighting       | 4 5 6 7 8 9 10 11 12 13 | 13.3
Armour         | 4 5 7 8 10 11 12 13 14 15 | 15.4
Dodging        | 1 2 3 4 5 6 7 8 9 10 | 10.5
Axes           | 3 4 5 6 |  6.1
Stealth        | 1 2 |  2.2
Maces & Flails | 2 4 5 7 8 10 11 13 14 | 14.7
Evocations     | 1 2 3 |  3.7
Throwing       | 1 |  1.5
Unarmed Combat | |  0.4

Action                   |  1- 3 |  4- 6 |  7- 9 | 10-12 | 13-15 | 16-18 || total
-------------------------+-------+-------+-------+-------+-------+-------++-------
Melee: War axe           |    53 |   117 |    80 |       |       |       ||   250
       Headbutt          |     9 |    18 |    59 |   179 |   565 |   145 ||   975
       Mace              |       |       |   330 |   837 |  2256 |   485 ||  3908
       Unarmed           |       |       |       |    15 |       |       ||    15
Throw: Tomahawk          |       |       |       |     9 |    13 |     5 ||    27
Evoke: Deck              |       |       |       |    26 |    51 |     9 ||    86
       Wand              |       |       |       |     4 |    41 |    24 ||    69
       Phial of floods   |       |       |       |       |     2 |       ||     2
  Use: Potion            |     1 |       |       |    17 |    14 |     3 ||    35
       Scroll            |       |     7 |    10 |     9 |    35 |     9 ||    70
 Stab: Distracted        |       |       |       |       |     1 |       ||     1
  Eat: Bread ration      |     1 |       |       |       |       |       ||     1
       Meat ration       |       |     1 |       |     1 |     8 |     1 ||    11
       Chunk             |       |       |     9 |    14 |     9 |       ||    32
       Beef jerky        |       |       |     1 |       |     3 |     2 ||     6
       Pizza             |       |       |       |     1 |       |       ||     1
       Royal jelly       |       |       |       |     1 |     3 |       ||     4
Armor: Ring mail         |    24 |    40 |       |       |       |       ||    64
       Plate armour      |       |       |   264 |   438 |   804 |   147 ||  1653
       Skin              |       |       |       |     3 |       |       ||     3
       Chain mail        |       |       |       |       |    13 |       ||    13
Dodge: Dodged            |    14 |    59 |    97 |   329 |   568 |   101 ||  1168
Block: Shield            |    38 |     8 |   239 |   617 |  1122 |   334 ||  2358
       Buckler           |       |    14 |       |       |       |       ||    14
       Large shield      |       |       |       |    41 |  1032 |       ||  1073
       Other             |       |       |       |     5 |       |       ||     5
       Reflection        |       |       |       |       |    72 |    48 ||   120
